 Dungeon Crawl Stone Soup version 0.29-a0-321-gf1c400731a (webtiles) character file.

Game seed: 11863150906305177104

29 Flugslaktarn the Vexing (level 3, -7/25 (28) HPs)
             Began as a Palentonga Enchanter on Apr 2, 2022.
             Mangled by a wight
             ... wielding a +3 spear
              (10 damage)
             ... on level 3 of the Dungeon.
             The game lasted 00:02:58 (505 turns).

Flugslaktarn the Vexing (Palentonga Enchanter)       Turns: 505, Time: 00:02:58

HP:   -7/25 (28)    AC:  5    Str: 11    XL:     3   Next: 1%
MP:   6/6           EV:  9    Int: 17    God:
Gold: 120           SH:  0    Dex: 10    Spells: 4/6 levels left

rFire   . . .      SeeInvis +   e - +1 trident (freeze)
rCold   . . .      Faith    .   (no shield)
rNeg    . . .      Spirit   .   b - +0 robe
rPois   .          Reflect  .   j - +0 helmet
rElec   .          Harm     .   (no cloak)
rCorr   .          Rampage  .   (no gloves)
Will    .....                   (no barding)
Stlth   ++........              (no amulet)
HPRegen 0.08/turn               (no ring)
MPRegen 0.10/turn               (no ring)

@: heavily drained, invisible
A: large, rugged brown scales 3, see invisible, deformed body, roll 1, armoured
tail
a: Rolling Charge


You were on level 3 of the Dungeon.
You visited 1 branch of the dungeon, and saw 3 of its levels.

You collected 120 gold pieces.

Inventory:

Hand Weapons
 a - a +1 dagger
 e - a +1 trident of freezing (weapon)
   (You found it on level 1 of the Dungeon)
 l - a +0 halberd
   (You found it on level 3 of the Dungeon)
Armour
 b - a +0 robe (worn)
 j - a +0 helmet (worn)
   (You found it on level 2 of the Dungeon)
Magical Staves
 n - a staff of cold
   (You found it on level 3 of the Dungeon)
Scrolls
 d - a scroll of torment {unknown}
 f - a scroll of fog {unknown}
 h - 2 scrolls of identify {unknown}
 i - a scroll of teleportation {unknown}
 k - a scroll of noise {unknown}
 m - a scroll of summoning {unknown}
Potions
 c - a potion of invisibility
 g - a potion of curing {unknown}


   Skills:
 - Level 2.0 Fighting
 - Level 1.0 Short Blades
 + Level 1.0 Polearms
 - Level 1.5 Dodging
 - Level 2.0 Stealth
 - Level 2.0 Spellcasting
 - Level 3.0 Hexes
 + Level 0.6 Ice Magic


You had 4 spell levels left.
You knew the following spells:

 Your Spells              Type           Power      Damage    Failure   Level
a - Ensorcelled Hibernat  Hex/Ice        14%        N/A       14%         2

Your spell library contained the following spells:

 Spells                   Type           Power      Damage    Failure   Level
 Confusing Touch          Hex            11%        N/A       17%         3
 Tukima's Dance           Hex            11%        N/A       17%         3
 Shock                    Conj/Air       4%         1d3       19%         1
 Dazzling Flash           Conj/Hex       12%        N/A       30%         3
 Swiftness                Air            1%         N/A       50%         3
 Airstrike                Air            0%         N/A       88%         4
 Silence                  Hex/Air        3%         N/A       96%         5
 Agony                    Necr           1%         N/A       99%         5


Dungeon Overview and Level Annotations

Branches:
Dungeon (3/15)

Altars:


Innate Abilities, Weirdness & Mutations

You are completely covered in rugged brown scales. (AC +3, +7% HP)
You have supernaturally acute eyesight. (SInv)
Armour fits poorly on your strangely shaped body.
You can roll at nearby foes to attack.
You have a long armoured tail.


Message History

You kill the frilled lizard!
No target in view!
Found a book of the Senses.
You see here a frilled lizard corpse.
k - a scroll labelled CAGHASIACA You pick up a book of the Senses and begin reading...
You add the spells Agony and Silence to your library.
You see here a +0 halberd.
l - a +0 halberd
Found 5 gold pieces.
A quokka comes into view.
Found a scroll labelled EFRUZITELU.
You see here 5 gold pieces.
You now have 120 gold pieces (gained 5).
Found a faded altar of an unknown god.
You closely miss the quokka.
You tail-slap the quokka, but do no damage.
The quokka bites you.
You miss the quokka. The quokka closely misses you. The quokka bites you.
You barely miss the quokka.
The quokka bites you but does no damage.
You barely miss the quokka.
The quokka bites you but does no damage. x2
You closely miss the quokka.
Your tail-slap misses the quokka.
The quokka bites you but does no damage.
You puncture the quokka! You freeze the quokka.
You kill the quokka!
You have reached level 3!
Your experience leads to an increase in your attributes!
Increase (S)trength, (I)ntelligence, or (D)exterity?
You feel clever. x2
m - a scroll labelled EFRUZITELU A ball python comes into view.
The ball python hisses angrily.
The ball python barely misses you. The ball python closely misses you.
You barely miss the ball python. The ball python closely misses you.
You hit the ball python. You freeze the ball python.
The ball python is severely wounded.
The ball python bites you but does no damage.
The ball python barely misses you.
You hit the ball python.
The ball python seems to slow down.
You freeze the ball python.
You kill the ball python!
You see here a ball python corpse.
Found a stone staircase leading up.
Found a long glowing staff.
There is a stone staircase leading up here.
You climb upwards.
There is a stone staircase leading down here.
You climb downwards.
There is a stone staircase leading up here.
A wight comes into view. It is wielding a +3 spear.
Found 21 stones.
You see here a staff of cold.
n - a staff of cold The wight misses you.
You aren't carrying any items that you can evoke.
Unknown command.
You fade into invisibility!
The wight hits you from afar with a +3 spear.
You feel drained.
Reach: e) +1 trident (freeze)
Press: ? - help, Dir - move target, f - wight
Aim: a wight, wielding a +3 spear and wearing a +0 robe (can't see you, about 44% to evade your +1 trident of freezing)
You reach to attack!
You hit the wight but do no damage. The wight misses you.
Reach: e) +1 trident (freeze)
Press: ? - help, Dir - move target, f/p - wight
Aim: a wight, wielding a +3 spear and wearing a +0 robe (can't see you, about 44% to evade your +1 trident of freezing)
You reach to attack!
You hit the wight.
The wight is lightly damaged.
The wight closely misses you.
Reach: e) +1 trident (freeze)
Press: ? - help, Dir - move target, f/p - wight
Aim: a wight, wielding a +3 spear and wearing a +0 robe (lightly damaged, can't see you, about 44% to evade your +1 trident of freezing)
You reach to attack!
You closely miss the wight.
The wight is lightly damaged.
The wight misses you.
Reach: e) +1 trident (freeze)
Press: ? - help, Dir - move target, f/p - wight
Aim: a wight, wielding a +3 spear and wearing a +0 robe (lightly damaged, can't see you, about 44% to evade your +1 trident of freezing)
You reach to attack!
You hit the wight.
The wight is moderately damaged.
The wight hits you with a +3 spear.
You feel drained.
Reach: e) +1 trident (freeze)
Press: ? - help, Dir - move target, f/p - wight
Aim: a wight, wielding a +3 spear and wearing a +0 robe (moderately damaged, wandering, can't see you, hasn't noticed you, about 44% to evade your +1 trident of freezing)
You puncture the wight!
The wight is severely damaged.
You hit the wight but do no damage.
The wight is severely damaged.
The wight barely misses you.
You hit the wight but do no damage.
You tail-slap the wight, but do no damage.
The wight is severely damaged.
The wight hits you with a +3 spear.
* * * LOW HITPOINT WARNING * * *
You feel drained.
* * * LOW HITPOINT WARNING * * *
The wight hits you with a +3 spear!
You die...

#
#..#####
#...(z.#
#@# #.#
#.# #.#
#.# #.#
#.# ##<#
#..#


You could see a wight (can't see you).

Vanquished Creatures
  An adder (D:3)
  A dart slug (D:1)
  2 ball pythons
  An endoplasm (D:2)
  3 goblins (D:1)
  A kobold (D:1)
  2 quokkas
  2 bats (D:1)
  A frilled lizard (D:3)
  5 rats
19 creatures vanquished.

Vanquished Creatures (others)
  3 plants (D:1)
3 creatures vanquished.

Grand Total: 22 creatures vanquished

Notes
Turn   | Place    | Note
-------+----------+-------------------------------------------
     0 | D:1      | Flugslaktarn the Palentonga Enchanter began the quest for
                  | the Orb.
     0 | D:1      | Reached XP level 1. HP: 13/13 MP: 3/3
    78 | D:1      | Reached skill level 1 in Fighting
   111 | D:1      | Reached XP level 2. HP: 20/23 MP: 5/5
   238 | D:1      | Learned a level 2 spell: Ensorcelled Hibernation
   381 | D:3      | Reached skill level 1 in Polearms
   442 | D:3      | Found a faded altar of an unknown god.
   450 | D:3      | Reached XP level 3. HP: 17/28 MP: 6/6
   496 | D:3      | Noticed a wight
   505 | D:3      | Mangled by a wight

Illustrated notes

Levels and vault maps discovered:
D:1:      lightli_arrival_windingriver, layout_basic, serial_bayou,
          serial_bayou_pond_d, serial_bayou_crossing, serial_bayou_pond_c,
          serial_bayou_lagoon_a, serial_bayou_lake_a, serial_bayou_pond_d
D:2:      layout_rooms
D:3:      layout_loops_ring, nicolae_elyvilon_peaceful_grove, serial_shops,
          nicolae_shop_stone, hellmonk_ecumenical_altar_leap_of_faith

Skill      XL: |  1  2 |
---------------+-------+-----
Fighting       | 1 2 |  2.0
Polearms       | 1 |  1.0
Short Blades   | |  1.0
Dodging        | |  1.5
Stealth        | |  2.0
Spellcasting   | |  2.0
Hexes          | |  3.0
Ice Magic      | |  0.6

Action                   || total
-------------------------++-------
Melee: Dagger            ||    12
       Trident           ||    48
       Tailslap          ||     4
 Abil: Rolling Charge    ||     6
  Use: Potion            ||     1
 Stab: Sleeping          ||     1
Armor: Robe              ||    24
Dodge: Dodged            ||    18

Table legend: (Time is in decaauts)
 A = Elapsed time spent in this place.
 B = Non-inter-level travel time spent in this place.
 C = Inter-level travel time spent in this place.
 D = Time resting spent in this place.
 E = Time spent auto-exploring this place.
 F = Levels seen in this place.
 G = Mean time per level.
                   A        B        C        D        E       F      G
               +--------+--------+--------+--------+--------+-----+--------+
         Total |    542 |    542 |      0 |      0 |      0 |   3 |  180.7 |
       Dungeon |    542 |    542 |      0 |      0 |      0 |   3 |  180.7 |
               +--------+--------+--------+--------+--------+-----+--------+

Top non-repeatable levels by time:
     D:1: 296 daAuts
     D:3: 154 daAuts
     D:2: 91 daAuts
